 Dungeon Crawl Stone Soup version 0.26-a0-28-gc929df5585 (webtiles) character file.

Game seed: 3309605157778897122, levelgen mode: deterministic

14363 Jannitor the Grappler (level 11, 0/113 HPs)
             Began as a Troll Assassin on May 28, 2020.
             Was a High Priest of Makhleb.
             Slain by an Executioner (5 damage)
             ... summoned by the player character
             ... in a Gauntlet.
             The game lasted 00:23:26 (11733 turns).

Jannitor the Grappler (Troll Assassin)             Turns: 11733, Time: 00:23:27

Health: 0/113      AC: 10    Str: 21    XL:     11   Next: 87%
Magic:  15/15      EV: 13    Int:  7    God:    Makhleb [*****.]
Gold:   347        SH:  9    Dex: 14    Spells: 10/10 levels left

rFire    . . .     SeeInvis +     - Unarmed
rCold    + . .     Gourm    +   M - +0 kite shield
rNeg     + . .     Faith    .   K - +2 robe {rC+}
rPois    .         Spirit   .   (helmet restricted)
rElec    .         Reflect  .   c - +1 cloak
rCorr    .         Harm     .   (gloves unavailable)
MR       .....     NoTele   +   (boots unavailable)
Stlth    ++........             (no amulet)
HPRegen  0.68/turn              z - ring of see invisible
MPRegen  0.14/turn              J - ring of positive energy

@: lethally poisoned (0 -> -5)
A: large, unfitting armour, claws 3, hooves 1, fast metabolism 3, gourmand,
regeneration 1, shaggy fur 1, tough skin 3, MP-powered wands
a: Minor Destruction, Lesser Servant of Makhleb, Major Destruction, Greater
Servant of Makhleb, Renounce Religion


You were in a Gauntlet.
You worshipped Makhleb.
Makhleb was extremely pleased with you.
You were very full.

You visited 2 branches of the dungeon, and saw 12 of its levels.
You also visited: Gauntlet.

You collected 687 gold pieces.
You spent 340 gold pieces at shops.

Inventory:

Hand Weapons
 a - a +2 dagger
Missiles
 d - 66 poisoned darts
 e - 2 curare-tipped darts
 i - 4 throwing nets (quivered)
 u - 5 javelins
Armour
 b - a +0 robe
 c - a +1 cloak (worn)
 F - a scarf of harm
 K - a +2 robe of cold resistance (worn)
 M - a +0 kite shield (worn)
Jewellery
 z - a ring of see invisible (left claw)
 H - an uncursed ring of ice
 J - a ring of positive energy (right claw)
Wands
 q - a wand of flame (39)
 B - a wand of acid (7)
 E - a wand of clouds (3)
 P - a wand of disintegration (12)
Scrolls
 g - 7 scrolls of remove curse
 h - 5 scrolls of identify
 j - 3 scrolls of immolation
 k - 4 scrolls of amnesia
 n - 3 scrolls of teleportation
 p - 2 scrolls of enchant armour
 G - 2 scrolls of fog
 I - a scroll of vulnerability
 L - a scroll of fear
Potions
 l - 3 potions of stabbing
 m - 4 potions of haste
 o - 3 potions of curing
 r - 2 potions of resistance
 s - 2 potions of flight
 t - a potion of invisibility
 v - a potion of heal wounds
 w - 2 potions of cancellation
 A - 2 potions of might
 C - a potion of lignification
 D - a potion of magic
 O - a potion of degeneration
Comestibles
 f - 21 rations


   Skills:
 + Level 8.7 Fighting
 - Level 1.5 Short Blades
 - Level 1.7 Throwing
 + Level 8.6 Dodging
 - Level 2.1 Stealth
 + Level 2.6 Shields
 + Level 10.1 Unarmed Combat
 + Level 6.9 Invocations


You had 10 spell levels left.
You didn't know any spells.
Your spell library contained the following spells:

 Spells                   Type           Power        Failure   Level  Hunger
 Beastly Appendage        Tmut           #.....       88%         1    ##.....
 Sticks to Snakes         Tmut           #.......     95%         2    ###....
 Recall                   Summ/Tloc      N/A          99%         3    ####...
 Spider Form              Tmut/Pois      #.........   99%         3    ####...
 Ice Form                 Ice/Tmut       #.......     100%        4    #####..
 Aura of Abjuration       Summ           #.........   100%        5    ######.
 Blade Hands              Tmut           #.........   100%        5    ######.
 Summon Demon             Summ           #.........   100%        5    ######.
 Summon Forest            Summ/Tloc      #.........   100%        5    ######.
 Summon Mana Viper        Hex/Summ       #.......     100%        5    ######.
 Shadow Creatures         Summ           N/A          100%        6    #######


Dungeon Overview and Level Annotations

Branches:
Dungeon (11/15)            Temple (0/1) D:7            Lair (1/6) D:11
    Orc (0/2) D:9         Gauntlet (1/1)

Altars:
Ashenzari
Cheibriados
Dithmenos
Elyvilon
Fedhas
Makhleb
Qazlal
Uskayaw
Xom
Yredelemnul

Shops:
D:7 !   D:8 (   D:9 [   D:10 (

Annotations:
D:4 3 runed translucent doors, Caphalor's ghost, novice DEFE
D:8 3 runed translucent doors, endorz's ghost, novice DDFi Gauntlet 13 transporters, exclusion: obsidian statue


Innate Abilities, Weirdness & Mutations

You are too large for most types of armour.
You have claws for hands.
Your metabolism is lightning-fast.
You like to eat raw meat.
Your natural rate of healing is unusually fast.
You are covered in fur. (AC +1)
You have extremely tough skin. (AC +3)
You have large cloven feet.
You expend magic power (3 MP) to strengthen your wands.


Message History

The Executioner hits you but does no damage.
Okay, then.
Unknown command.
A demon appears!
It doesn't seem very happy.
The Executioner hits you! The Executioner hits you.
You block the Executioner's attack. The Executioner hits you!!
The Executioner hits you. The Executioner hits you!
Unknown command.
You feel much better. The Executioner hits you!!
The Executioner hits you but does no damage.
The Executioner hits you. The Executioner gestures at you.
You struggle to resist.
The green death gestures at you. The poison arrow hits you!!
You are poisoned.
* * * LOW HITPOINT WARNING * * *
The Executioner hits you.
You die...

########################
###§......................
#8#§§.....................
###§###########.##########
#.#..[!©.=..#.#2.#[©...!
###.#..#...#..#.#...#.....
#8#.#.#######.#.#...#^...#
###.##..#1#..##.#....#.##.
#.#....@1...#.#..^###^..
###.##..#.#..##.#.##©#....
#8#.#.##42.##.#.##...^#...
###.#..#...#..#.#..^..#...
#.#...#.#...#.#2....^#..
###.######################
#8#.....#©...........©....
###≈....#############.####
####..............#.#≈≈8


You could see a green death, 2 Executioners and an orange demon.

Vanquished Creatures
  Fannar (D:10)
  A hydra (D:11)
  2 two-headed ogres
  3 trolls
  3 hippogriffs
  2 dream sheep (D:11)
  9 yaks
  2 hungry ghosts
  A neqoxec (Gauntlet)
  2 chaos spawn (Gauntlet)
  A water moccasin (D:7)
  3 swamp worms (Gauntlet)
  A porcupine (Lair:1)
  3 ice beasts
  A black bear (D:9)
  An eye of draining (D:11)
  10 orc warriors
  4 sky beasts
  3 necrophages
  3 phantoms
  8 ogres
  9 centaurs
  6 bullfrogs
  9 big kobolds
  2 gnoll sergeants (D:9)
  A water moccasin zombie (D:10)
  A wyvern skeleton (D:5)
  3 scorpions
  6 killer bees (D:9)
  7 wights (D:7)
  An electric eel (D:11)
  4 howler monkeys
  4 crimson imps
  4 bullfrog zombies
  2 quasits
  An iron imp (D:6)
  5 hounds
  9 orc priests
  3 jellies
  4 bullfrog skeletons
  2 centaur skeletons
  8 orc wizards
  5 worker ants
  2 hound zombies
  A hound skeleton (D:4)
  5 mummies (D:7)
  Robin (D:2)
  11 gnolls
  11 adders
  2 shadow imps
  2 oozes (D:2)
  An adder skeleton (D:5)
  4 worms
  4 dart slugs
  7 leopard geckos
  63 orcs
  A ball python (D:4)
  9 bats
  2 giant cockroaches
  19 goblins
  6 hobgoblins
  8 jackals
  14 kobolds
  6 quokkas
  6 frilled lizards
  A quokka zombie (D:5)
  8 rats
354 creatures vanquished.

Vanquished Creatures (collateral kills)
  A basilisk (Lair:1)
  A chaos spawn (Gauntlet)
  A big kobold (D:11)
3 creatures vanquished.

Vanquished Creatures (others)
  An orc warrior (D:11)
  3 centaurs (D:11)
  A big kobold (D:11)
  A bullfrog (D:11)
  An iguana (D:11)
  A worker ant (D:11)
  An orc wizard (D:11)
  A howler monkey zombie (D:11)
  A fungus (D:4)
  3 plants (D:4)
14 creatures vanquished.

Grand Total: 371 creatures vanquished

Notes
Turn   | Place    | Note
-------+----------+-------------------------------------------
     0 | D:1      | Jannitor the Troll Assassin began the quest for the Orb.
     0 | D:1      | Reached XP level 1. HP: 19/19 MP: 0/0
   107 | D:1      | Reached skill level 1 in Dodging
   237 | D:1      | Reached XP level 2. HP: 28/28 MP: 1/1
   299 | D:1      | Reached skill level 1 in Unarmed Combat
   384 | D:1      | You fall into a shaft and drop 1 floor!
   410 | D:2      | Noticed Robin
   437 | D:2      | Reached XP level 3. HP: 35/35 MP: 2/2
   439 | D:2      | Killed Robin
  1114 | D:2      | Found a burning altar of Makhleb.
  1126 | D:2      | Reached skill level 2 in Unarmed Combat
  1126 | D:2      | Reached XP level 4. HP: 26/44 MP: 3/3
  1181 | D:2      | Became a worshipper of Makhleb the Destroyer
  1235 | D:2      | Found a shadowy altar of Dithmenos.
  1919 | D:3      | Reached XP level 5. HP: 46/52 MP: 4/4
  2054 | D:3      | Reached skill level 3 in Unarmed Combat
  2065 | D:3      | Reached * piety under Makhleb
  2156 | D:3      | Found a blossoming altar of Fedhas.
  2418 | D:4      | Reached XP level 6. HP: 55/61 MP: 5/5
  2731 | D:4      | Found a shattered altar of Ashenzari.
  2784 | D:4      | Found a runed translucent gate.
  2785 | D:4      | Found a runed translucent gate.
  2785 | D:4      | Found a runed translucent gate.
  2786 | D:4      | Noticed Caphalor's ghost (novice DEFE)
  3189 | D:4      | Saw a vision of the Shoals and the Spider Nest.
  3189 | D:4      | Noticed a sea snake
  3189 | D:4      | Noticed a merfolk
  3189 | D:4      | Noticed a redback
  3189 | D:4      | Noticed a redback
  3283 | D:4      | Reached skill level 4 in Unarmed Combat
  3293 | D:4      | Found a shattered altar of Ashenzari.
  3489 | D:4      | Identified the cursed +0 chain mail of Resonance {rElec
                  | rF+}
  3495 | D:4      | Reached XP level 7. HP: 68/68 MP: 6/6
  3548 | D:5      | Entered Level 5 of the Dungeon
  3592 | D:5      | Reached ** piety under Makhleb
  3620 | D:5      | Found a shimmering altar of Xom.
  3948 | D:5      | Gained mutation: You expend magic power (3 MP) to
                  | strengthen your wands. [potion of mutation]
  3948 | D:5      | Gained mutation: You have large cloven feet. [potion of
                  | mutation]
  4348 | D:5      | Reached skill level 5 in Unarmed Combat
  4527 | D:6      | Reached XP level 8. HP: 78/79 MP: 7/7
  4585 | D:6      | Found a snail-covered altar of Cheibriados.
  4856 | D:6      | Reached skill level 5 in Fighting
  5000 | D:6      | Reached skill level 5 in Dodging
  5083 | D:6      | Reached skill level 6 in Unarmed Combat
  5410 | D:7      | Found a staircase to the Ecumenical Temple.
  5431 | D:7      | Reached *** piety under Makhleb
  5431 | D:7      | Reached XP level 9. HP: 88/88 MP: 8/8
  5474 | D:7      | Found Ruecves's Distillery.
  5611 | D:7      | Reached skill level 1 in Invocations
  5809 | D:7      | Reached skill level 7 in Unarmed Combat
  6033 | D:7      | Found a hide-covered altar of Uskayaw.
  6184 | D:7      | Bought a potion of cancellation for 80 gold pieces
  6184 | D:7      | Bought a potion of berserk rage for 50 gold pieces
  6184 | D:7      | Bought a potion of lignification for 30 gold pieces
  6184 | D:7      | Bought a potion of magic for 80 gold pieces
  6184 | D:7      | Bought a potion of haste for 100 gold pieces
  6286 | D:8      | Found a basalt altar of Yredelemnul.
  6286 | D:8      | Found a runed translucent gate.
  6286 | D:8      | Found a runed translucent gate.
  6286 | D:8      | Found a runed translucent gate.
  6289 | D:8      | Noticed endorz's ghost (novice DDFi)
  6387 | D:8      | Reached **** piety under Makhleb
  6751 | D:8      | Found a stormy altar of Qazlal.
  6877 | D:8      | Found Fiwaf's Weapon Shop.
  6913 | D:8      | Reached XP level 10. HP: 80/99 MP: 11/11
  6975 | D:8      | Reached skill level 8 in Unarmed Combat
  7209 | D:8      | Found a white marble altar of Elyvilon.
  8143 | D:9      | Noticed a two-headed ogre
  8150 | D:9      | Found a staircase to the Orcish Mines.
  8278 | D:8      | Killed a two-headed ogre
  8278 | D:8      | Reached skill level 5 in Invocations
  8436 | D:9      | Reached ***** piety under Makhleb
  8449 | D:9      | Reached skill level 9 in Unarmed Combat
  8875 | D:9      | Found Hato's Antique Armour Boutique.
  9154 | D:10     | Entered Level 10 of the Dungeon
  9267 | D:10     | Found Biresurgh's Antique Weapon Boutique.
  9276 | D:10     | Reached XP level 11. HP: 110/110 MP: 14/14
  9678 | D:10     | Noticed Fannar
  9706 | D:10     | Killed Fannar
  9754 | D:10     | Noticed a two-headed ogre
  9834 | D:10     | Killed a two-headed ogre
  9987 | D:11     | Found a staircase to the Lair.
 10016 | D:11     | Reached skill level 1 in Shields
 10252 | D:11     | Noticed a three-headed hydra
 10259 | D:11     | Killed a four-headed hydra
 10619 | D:11     | Found a shimmering altar of Xom.
 10871 | Lair:1   | Entered Level 1 of the Lair of Beasts
 10933 | Lair:1   | Found a gate leading to a gauntlet.
 10937 | Lair:1   | Reached skill level 10 in Unarmed Combat
 10974 | Gauntlet | Entered a Gauntlet
 10974 | Gauntlet | Found a transporter.
 10982 | Gauntlet | Noticed a wizard
 10984 | Gauntlet | Found a transporter.
 11000 | Gauntlet | Found a transporter.
 11005 | Gauntlet | Found a transporter.
 11020 | Gauntlet | Found a transporter.
 11021 | Gauntlet | Noticed a great orb of eyes
 11036 | Gauntlet | Noticed a cyan ugly thing
 11039 | Gauntlet | Found a transporter.
 11039 | Gauntlet | Noticed an obsidian statue
 11051 | Gauntlet | Found a transporter.
 11054 | Gauntlet | Noticed a large abomination
 11063 | Gauntlet | Found a transporter.
 11063 | Gauntlet | Noticed a death ooze
 11069 | Gauntlet | Found a transporter.
 11069 | Gauntlet | Found a transporter.
 11084 | Gauntlet | Found a transporter.
 11084 | Gauntlet | Noticed a balrug
 11090 | Gauntlet | Found a transporter.
 11103 | Gauntlet | Noticed a green death
 11105 | Gauntlet | Found a transporter.
 11123 | Gauntlet | Found a transporter.
 11143 | Gauntlet | Found a transporter.
 11168 | Gauntlet | Found a transporter.
 11170 | Gauntlet | Found a transporter.
 11190 | Gauntlet | Found a transporter.
 11730 | Gauntlet | Noticed an Executioner
 11732 | Gauntlet | Noticed an Executioner
 11733 | Gauntlet | HP: 5/113 [green death/poison arrow (32)]
 11733 | Gauntlet | Slain by an Executioner

Illustrated notes

Levels and vault maps discovered:
D:1:      dpeg_arrival_leaves_temple_mockup, layout_loops_corners
D:2:      layout_loops_ring, grunt_dithmenos_smoke, first_ration,
          bloody_makhleb, uniq_robin
D:3:      layout_rooms, fedhas_altar_1
D:4:      layout_loops_ring, kennysheep_little_box,
          gammafunk_ghost_nasty_kobolds, grunt_ashenzari_visionary
          [grunt_ashenzari_visionary_shoals, grunt_ashenzari_visionary_spider]
D:5:      layout_loops_ring, lemuel_doored_altar
D:6:      layout_gridville, slow_altar_2, wad_floor_pattern_1
D:7:      layout_basic, kennysheep_mini_moat, minmay_temple_entry_proselytizer,
          serial_shops, nicolae_shop_behind_doors, serial_undead,
          serial_undead_d, serial_undead_c, serial_undead_f, serial_undead_f,
          serial_undead_e, serial_undead_e, serial_undead_b
D:8:      layout_loops_ring, grunt_qazlal_clouds, yredelemnul_altar_generic,
          nicolae_overflow_crystal_walls, gammafunk_ghost_necromancy,
          special_room [special_room_orc], serial_shops, shop
D:9:      layout_loops_ring, kennysheep_orc_monster_closet_entryway,
          serial_shops, shop
D:10:     layout_roguey, serial_shops, shop, uniq_fannar
D:11:     layout_basic, lair_entry_dummy, hangedman_ranch
          [blue_anna_fruit_fields], minmay_misc_feat_tiny, xom_confusion_cloud
Lair:1:   minmay_lair_oklob_tunnel, layout_cave_pods, gauntlet_entry_generic
Gauntlet: gammafunk_gauntlet_one_two_three [nicolae_gauntlet_arena_flowing_pool,
          gammafunk_gauntlet_arena_hedges, gammafunk_gauntlet_arena_spirals,
          nicolae_gauntlet_arena_grate_2, gammafunk_gauntlet_arena_crates,
          gammafunk_gauntlet_arena_grid, nicolae_gauntlet_arena_x,
          nicolae_gauntlet_swirl, gammafunk_gauntlet_arena_chambers,
          gauntlet_exit_spiral]

Skill      XL: |  1  2  3  4  5  6  7  8  9 10 11 |
---------------+----------------------------------+-----
Dodging        | 1 2 3 4 5 6 7 8 |  8.6
Unarmed Combat | 1 2 3 4 5 6 7 9 10 | 10.1
Fighting       | 2 3 4 5 6 7 8 |  8.7
Invocations    | 3 5 6 |  6.9
Shields        | 2 |  2.6
Short Blades   | |  1.5
Throwing       | |  1.7
Stealth        | |  2.1

Action                   |  1- 3 |  4- 6 |  7- 9 | 10-12 || total
-------------------------+-------+-------+-------+-------++-------
Melee: Dagger            |    37 |       |       |       ||    37
       Unarmed           |    66 |   180 |   361 |   437 ||  1044
       Punch             |       |     1 |    16 |    15 ||    32
       Kick              |       |       |    90 |   146 ||   236
Throw: Throwing net      |       |       |       |     1 ||     1
Invok: Minor Destruction |       |       |       |    20 ||    20
       Lesser Servant of |       |       |       |     5 ||     5
       Greater Servant o |       |       |       |     2 ||     2
       Major Destruction |       |       |       |     1 ||     1
Evoke: Wand              |       |       |     1 |     6 ||     7
  Use: Potion            |       |     2 |     7 |     1 ||    10
       Scroll            |       |       |     6 |     8 ||    14
 Stab: Sleeping          |     7 |     2 |     5 |     2 ||    16
       Confused          |       |       |     1 |     6 ||     7
  Eat: Chunk             |    16 |    21 |    32 |    48 ||   117
Armor: Robe              |    33 |    92 |    91 |    95 ||   311
Dodge: Dodged            |    37 |   116 |   189 |   289 ||   631
Block: Kite shield       |       |       |       |    52 ||    52

Table legend:
 A = Non-vault XP
 B = Vault XP
 C = Vault XP percentage of total XP
 D = Non-vault monster count
 E = Vault monster count
 F = Vault count percentage of total count
                 A         B        C        D         E       F
            +---------+---------+-------+---------+---------+-------
      Total |   12790 |    7729 |  37.7 |     265 |      92 |  25.8
            +---------+---------+-------+---------+---------+-------
        D:1 |      28 |       0 |   0.0 |      16 |       0 |   0.0
        D:2 |      78 |      34 |  30.4 |      19 |      12 |  38.7
        D:3 |     201 |       0 |   0.0 |      33 |       0 |   0.0
        D:4 |     442 |       0 |   0.0 |      28 |       0 |   0.0
        D:5 |     570 |       0 |   0.0 |      17 |       0 |   0.0
        D:6 |     772 |      43 |   5.3 |      10 |       1 |   9.1
        D:7 |    1423 |     614 |  30.1 |      32 |      13 |  28.9
        D:8 |    2532 |    1108 |  30.4 |      33 |      30 |  47.6
        D:9 |    1496 |    1305 |  46.6 |      26 |      17 |  39.5
       D:10 |    3233 |     991 |  23.5 |      30 |       1 |   3.2
       D:11 |    1137 |    2560 |  69.2 |      15 |      11 |  42.3
     Lair:1 |     878 |       0 |   0.0 |       6 |       0 |   0.0
   Gauntlet |       0 |    1074 | 100.0 |       0 |       7 | 100.0
            +---------+---------+-------+---------+---------+-------
